 Dungeon Crawl Stone Soup version 0.14.0-7-g2801ba0 (webtiles) character file.

257 Heini the Covered (level 5, 0/47 HPs)
             Began as a Minotaur Fighter on Apr 12, 2014.
             Succumbed to a gnoll's poison
             ... on Level 3 of the Dungeon.
             The game lasted 00:05:08 (1480 turns).

Heini the Covered (Minotaur Fighter)                Turns: 1480, Time: 00:05:10

HP   0/47        AC  7     Str 20      XL: 5   Next: 20%
MP   2/2         EV  6     Int  5      God:
Gold 94          SH 19     Dex 11      Spells:  0 memorised,  4 levels left

rFire  . . .     SeeInvis .     a - +0 flail
rCold  . . .     Clarity  .     b - +0 scale mail
rNeg   . . .     Conserve .     c - +0 shield
rPois  .         rCorr    .     (helmet restricted)
rElec  .         rRot     .     (no cloak)
SustAb . .       Spirit   .     (no gloves)
rMut   .         Warding  .     (no boots)
Saprov . . .     Stasis   .     (no amulet)
MR     .....                    (no ring)
                                (no ring)

@: lethally poisoned, not resistant to hostile enchantments, extremely
unstealthy
A: retaliatory headbutt, horns 2
a: no special abilities


You were on level 3 of the Dungeon.
You were not hungry.

You visited 1 branch of the dungeon, and saw 3 of its levels.

You collected 94 gold pieces.

Inventory:

Hand weapons
 a - a +0,+0 flail (weapon)
Missiles
 n - 19 stones (quivered)
Armour
 b - a +0 scale mail (worn)
 c - a +0 shield (worn)
Comestibles
 d - 3 bread rations
 f - an apple
 j - a rambutan
 p - a choko
 r - 2 meat rations
 t - 2 chunks of worm flesh
Scrolls
 g - 4 scrolls of fear {unknown}
 h - a scroll of enchant weapon II {unknown}
 i - 2 scrolls of random uselessness {unknown}
 l - a scroll of enchant armour {unknown}
 m - a scroll of enchant weapon I {unknown}
 q - 2 scrolls of recharging {unknown}
 s - 2 scrolls of remove curse {unknown}
 v - 2 scrolls of identify {unknown}
 y - a scroll of teleportation {unknown}
Jewellery
 o - a +3 ring of protection {unknown}
Potions
 e - 2 potions of might
 k - a potion of haste {unknown}
 u - a potion of restore abilities {unknown}
 w - a potion of resistance {unknown}
 x - 2 potions of degeneration {unknown}


   Skills:
 * Level 4.6 Fighting
 * Level 3.2 Maces & Flails
 * Level 5.0 Armour
 + Level 2.1 Dodging
 - Level 4.2 Shields


You had 4 spell levels left.
You didn't know any spells.

Dungeon Overview and Level Annotations

Branches:
Dungeon (3/15)

Altars:


Innate Abilities, Weirdness & Mutations

You reflexively headbutt those who attack you in melee.
You have a pair of horns on your head.


Message History

You thump the rat!
You kill the rat!
You feel sick. You block the gnoll's attack.
The gnoll hits you but does no damage.
You are more poisoned.
The gnoll hits you but does no damage.
You see here a rat corpse.
You closely miss the gnoll.
You feel sick.
The gnoll hits you from afar with a halberd of venom.
* * * LOW HITPOINT WARNING * * *
You are lethally poisoned!
The gnoll hits you with a halberd!
* * * LOW HITPOINT WARNING * * *
You hit the gnoll.
The gnoll is moderately wounded.
* * * LOW HITPOINT WARNING * * *
You feel sick. You block the gnoll's attack. You block the gnoll's attack.
You sock the gnoll!
You kill the gnoll!
You die...

. .... ... ....#
#...###+#....#
#............#
#............#
#............#
#....gK.!..#
#.###)######
####.###@########
.................
####.###%########
#.....%.......
###...########
#...# ###.#
########%########
.................


You could see a gnoll and a kobold.

Vanquished Creatures
  5 gnolls (D:3)
  5 adders (D:3)
  A giant mite (D:2)
  2 worms (D:3)
  2 giant geckos (D:1)
  A ball python (D:2)
  9 bats
  4 hobgoblins
  9 jackals
  3 kobolds
  A quokka (D:2)
  2 giant cockroaches (D:3)
  3 giant newts
  2 goblins (D:2)
  10 rats
59 creatures vanquished.

Notes
Turn   | Place    | Note
--------------------------------------------------------------
     0 | D:1      | Heini, the Minotaur Fighter, began the quest for the Orb.
     0 | D:1      | Reached XP level 1. HP: 19/19 MP: 1/1
   108 | D:1      | Reached XP level 2. HP: 24/27 MP: 1/1
   123 | D:1      | Reached skill level 4 in Shields
   799 | D:2      | Reached XP level 3. HP: 31/34 MP: 2/2
  1129 | D:3      | Reached skill level 1 in Dodging
  1249 | D:3      | Reached XP level 4. HP: 41/41 MP: 2/2
  1462 | D:3      | Reached XP level 5. HP: 36/47 MP: 2/2
  1472 | D:3      | Reached skill level 5 in Armour
  1479 | D:3      | HP: 2/47 [poisoned by a gnoll]
  1480 | D:3      | Succumbed to a gnoll's poison

Action                   |  1- 3 |  4- 6 || total
-------------------------+-------+-------++-------
Melee: Flail             |   115 |    43 ||   158
